gorc, chaotic female orcish Barbarian --- |..--- -------- --...|.---..|...---- ----- |.......|..........-- --...-- -....%..........| |.....----- |..............-- -- |.........-- --.)..........-- .. ---..........-- |............| ..- |.%........)..------------%.........-- --.. ------%*..*........%......<..............- |....- ..||...--......-------------------)..---...- |..... -.--.------..--- ---....| ...> ....... ---....| |.-- |......---- ..| |.....--...@.(| |.| |..[.....- --- |.........I%..- |.| --.....-...| --.........---.| |.| --...... .| --. |.....| -- -.| --.......| -- --....-- .| .....--- ---...| .| .....| |..-- .| -..--- ---- --- --- gorc the Bandit Experience level: 9 Strength: 18/01 Dexterity: 18 Constitution: 18 Intelligence: 7 Wisdom: 7 Charisma: 6 Health: 0(104) Energy: 18(18) AC: 0 Gold: 901 Moves: 3916 Your Inventory: Coins $ - 901 gold pieces Weapons a - an uncursed +2 battle-axe (weapon in hands) K - 7 [blessed +1] shuriken of fire (in quiver) Armor G - a blessed +3 dwarvish mithril-coat (being worn) I - an uncursed +0 pair of low boots (being worn) V - a cursed +0 striped shirt (being worn) Comestibles d - an uncursed food ration e - 3 uncursed tripe rations g - 2 uncursed slime molds n - an uncursed [stale] egg t - an uncursed lichen corpse Potions f - 2 uncursed potions of oil F - an [uncursed] ruby potion [of hallucination] H - a [cursed] orange potion [of sickness] Rings y - an uncursed topaz ring [of sustain ability] P - a cursed ivory ring [of protection from shape changers] Wands u - an uncursed wand of magic missile [0:5] x - an uncursed wand of digging [0:6] C - an uncursed wand of magic missile [0:-1] O - an uncursed zinc wand [of cancellation (0:3)] Tools p - an uncursed tin opener q - an uncursed looking glass [mirror] z - an uncursed partly used [tallow] candle (0:14) A - an uncursed [+0] pick-axe D - 3 uncursed [tallow] candles J - an [uncursed wax] candle R - a cursed key [skeleton key] S - a blessed [oil] lamp Spells known in the end: Name Level Category Fail Memory a - magic missile 2 attack 100% [|||||||.] Your skills at the end: Fighting Skills bare handed combat [Basic / Master] Weapon Skills axe [Skilled / Expert] short sword [Basic / Expert] Spellcasting Skills Final Attributes: You were piously aligned. Hunger level was 1384. Your alignment was 29 / 29. Monster difficulty range was 1 - 9. Level difficulty was 9. You were immune to poison. You were telepathic. You had infravision. You were fast. You were lucky (1). You are dead. Vanquished creatures: a sasquatch 3 ettin zombies a wolf a lynx a giant spider a gnome king an orc mummy a lizard 2 dwarf lords a shrieker 10 gnome lords 3 gnomish wizards a guardian naga hatchling a gray ooze a straw golem a floating eye 13 dwarves a kobold shaman a giant bat an iguana an acid blob 2 gas spores 5 hobbits 2 large kobolds a cave spider 51 gnomes 2 gnome zombies 2 geckos 4 jackals 2 foxes a kobold a goblin 4 sewer rats a grid bug 5 lichens a kobold zombie 6 newts 137 creatures vanquished. Voluntary challenges: You used a wielded weapon 142 times. You read items or engraved 8 times. You put on armor 14 times. You never genocided any monsters. You never polymorphed an object. You never changed form. You used no wishes. You never wrote Elbereth's name. You encountered 1 bones level. You never used any Sokoban shortcuts. Dungeon overview: The Dungeons of Doom: levels 1 to 3 Level 1 a fountain a long staircase Level 2 (water) a delicatessen Level 3 a general store, some fountains stairs to The Gnomish Mines The Gnomish Mines: levels 4 to 9 Level 4 stairs to The Dungeons of Doom Level 5 (unfinished) Level 6 (unfinished) Level 6 many shops, a temple, a magic chest, some fountains, some trees Level 9 <- You were here History has recorded: On T:1 you entered the Dungeons of Doom to retrieve the Amulet of Yendor! On T:431 you advanced to experience level 2. On T:579 you reached level 2 of The Dungeons of Doom. On T:757 you advanced to experience level 3. On T:1072 you reached level 3 of The Dungeons of Doom. On T:1076 you advanced to experience level 4. On T:1131 you reached level 1 of The Gnomish Mines. On T:1742 you advanced to experience level 5. On T:1971 you advanced to experience level 6. On T:2396 you reached level 2 of The Gnomish Mines. On T:2472 you advanced to experience level 7. On T:2603 you reached level 3 of The Gnomish Mines. On T:2658 you reached level 4 of The Gnomish Mines. On T:3039 you advanced to experience level 8. On T:3390 you reached level 5 of The Gnomish Mines. On T:3805 you reached level 6 of The Gnomish Mines. On T:3910 you advanced to experience level 9. Latest messages: The air crackles around the titan. You kill the sasquatch! Welcome to experience level 9. [HP+12=32] The magic missile hits the titan. [HP+1=33] A bear trap closes on your foot! The titan picks up 2 shuriken of fire. The titan casts a spell! The titan suddenly disappears! It picks up 2 uncursed elven daggers. You are caught in a bear trap. It hits! You hear a mumbled curse. [HP-11=22] You are caught in a bear trap. It hits! You feel that monsters are aware of your presence. It hits! You die... Final status: Goodbye gorc the Barbarian... You died in The Gnomish Mines on dungeon level 9 with 3759 points, and 901 pieces of gold, after 3916 moves. You were level 9 with a maximum of 104 hit points when you died.